 Dungeon Crawl Stone Soup version 0.31-a0-949-g57150269e1 (webtiles) character file.

Game seed: 13120449352259975981

581 avis the Changeling (level 7, 31/31 HPs)
             Began as a Felid Shapeshifter on Oct 22, 2023.
             Got out of the dungeon alive.
             The game lasted 00:24:12 (5112 turns).

avis the Changeling (Felid Shapeshifter)            Turns: 5112, Time: 00:24:12

Health: 31/31      AC:  2    Str: 10    XL:     7   Next: 14%
Magic:  8/8        EV: 20    Int: 11    God:
Gold:   217        SH:  0    Dex: 18    Spells: 6/6 levels left
                                        Lives:  1   Deaths: 1

rFire   . .          .
                       - Unarmed
rCold   . . .        (shield unavailable)
rNeg    . . .        (body armour unavailable)
rPois   .            (helmet unavailable)
rElec   .            (cloak unavailable)
rCorr   .            (gloves unavailable)
SInv    +            (boots unavailable)
Will    +....        r - amulet of guardian spirit
Stlth   ++           (no ring)
HPRegen 0.25/turn    (no ring)
MPRegen 0.11/turn

%: guardian spirit
@: beast-form, quick
A: beast (slay +3), very small, claws 1, fangs 3, see invisible, speed 1, shaggy
fur 2, stealthy paws, no weapons or thrown items, no armour, multi-lived
a: Begin Untransformation


You escaped.
You were a hulking beast.
You visited 1 branch of the dungeon, and saw 5 of its levels.

You collected 217 gold pieces.

Inventory:

Jewellery
 r - an amulet of guardian spirit (around neck)
Talismans
 b - a beast talisman (active)
 c - a flux talisman
Wands
 o - a wand of charming (8)
 t - a wand of quicksilver (12)
Scrolls
 e - a scroll of butterflies {unknown}
 f - 2 scrolls of amnesia {unknown}
 h - a scroll of enchant weapon {unknown}
 m - 2 scrolls of blinking {unknown}
 q - 2 scrolls of noise {unknown}
 s - a scroll of fear {unknown}
 u - a scroll of revelation {unknown}
 x - 2 scrolls of identify {unknown}
Potions
 a - a potion of lignification
 d - 4 potions of degeneration {unknown}
 g - 3 potions of curing {unknown}
 i - a potion of magic {unknown}
 j - 3 potions of might {unknown}
 k - a potion of enlightenment {unknown}
 l - a potion of attraction {unknown}
 n - a potion of invisibility {unknown}
 p - a potion of haste {unknown}
 v - a potion of mutation {unknown}
 w - a potion of ambrosia {unknown}


   Skills:
 - Level 3.0 Fighting
 - Level 6.0 Dodging
 - Level 3.0 Unarmed Combat
 * Level 6.6 Shapeshifting


You had 6 spell levels left.
You didn't know any spells.
Your spell library contained the following spells:

 Spells                   Type           Power      Damage    Failure   Level
 Sting                    Tmut/Pois      0%         1d3       34%         1
 Ensorcelled Hibernation  Hex/Ice        0%         N/A       47%         2
 Lesser Beckoning         Tloc           0%         N/A       47%         2
 Passwall                 Tmut/Erth      0%         N/A       47%         2
 Poisonous Vapours        Pois/Air       0%         N/A       47%         2
 Gell's Gravitas          Tloc           0%         N/A       71%         3
 Swiftness                Air            0%         N/A       71%         3
 Teleport Other           Tloc           0%         N/A       71%         3
 Olgreb's Toxic Radiance  Pois           0%         N/A       98%         4


Dungeon Overview and Level Annotations

Branches:
Dungeon (5/15)
 Temple: D:4-7

Altars:

Annotations:
D:4 Prince Ribbit
D:5 Dowan, Duvessa, Grinder


Innate Abilities, Weirdness & Mutations

You are a hulking beast.
Your limbs bulge with bestial killing power. (Slay +3)
You have sharp claws.
You have razor-sharp teeth.
You have supernaturally acute eyesight. (SInv)
You cover ground quickly. (Speed+)
You are covered in thick fur. (AC +2)
Your paws help you pounce on unaware monsters.
You are incapable of wielding weapons or throwing items.
You cannot wear armour.
You gain extra lives every three experience levels.


Message History

There is a stone staircase leading down, spattered with blood here.
Prince Ribbit blinks!
Prince Ribbit attacks as he pursues you!
Prince Ribbit barely misses you.
Prince Ribbit lets out a mournful croak.
Prince Ribbit hits you!
Prince Ribbit attacks as he pursues you!
Prince Ribbit hits you.
Prince Ribbit attacks as he pursues you!
Prince Ribbit barely misses you.
Prince Ribbit catches a butterfly with his tongue.
Prince Ribbit hits you!
* * * LOW HITPOINT WARNING * * *
Okay, then.
Okay, then.
Okay, then.
Prince Ribbit attacks as he pursues you!
Prince Ribbit closely misses you.
Prince Ribbit attacks as he pursues you!
Prince Ribbit hits you!
You die...
Your shape twists and changes as you die.
You rejoin the land of the living...
Unknown command.
Prince Ribbit barely misses you. Prince Ribbit closely misses you.
There is a stone staircase leading down here.
You see here a hound skeleton.
Prince Ribbit blinks!
There is a stone staircase leading up here.
You climb upwards.
There is a stone staircase leading down here.
What level of the Dungeon? (default 4, ? - help)
There is a stone staircase leading up here.
You climb upwards.
There is a stone staircase leading down here.
There is a stone staircase leading up here.
You climb upwards.
There is a stone staircase leading down here.
There is a staircase leading out of the dungeon here.
You have escaped!

#.###.#.# #.###.### ##...## #
#.###.#.# #.###.# ##.....## #
#..##...####.....######.......###
#..............................##
.....P~~≈~~≈~~P...P~~~~~~~~P...'.
#....~~≈~~~~≈≈~...~~≈~~~~≈≈~..>##
##...~~≈~~~~≈≈~...≈~~~~~~≈≈≈..###
#.#(P~~~≈≈≈~≈.....≈~~~~~~~P..# #
#..............h............##
##..P~~~~~~~~.....≈~~≈~~~~P.#
#..~≈≈~~~~≈≈~...~~~~~~~≈≈~.#
#..~≈≈~~~~≈~~...≈~~~~~~≈~~.####
#..P≈~~~~~~≈P...P~~~~~≈~~P....#
###..........................##.#
.........#####.####...#......##.#
########## ##.###......#...###.#
##.#.#........>.......


There were no monsters in sight!

Vanquished Creatures
  A gnoll sergeant (D:4)
  2 scorpions (D:4)
  A howler monkey (D:4)
  2 hounds (D:4)
  An iguana (D:4)
  A sleepcap (D:4)
  8 gnolls
  8 adders
  A worm (D:5)
  A dart slug (D:3)
  3 orcs
  10 ball pythons
  7 bats
  5 endoplasms
  A giant cockroach (D:2)
  9 goblins
  8 hobgoblins
  3 jackals (D:1)
  7 quokkas
  3 frilled lizards
  7 kobolds
  21 rats
110 creatures vanquished.

Notes
Turn   | Place    | Note
-------+----------+-------------------------------------------
     0 | D:1      | avis the Felid Shapeshifter began the quest for the Orb.
     0 | D:1      | Reached XP level 1. HP: 9/9 MP: 2/2
   232 | D:1      | Reached XP level 2. HP: 13/13 MP: 3/3
   847 | D:1      | Reached XP level 3. HP: 16/16 MP: 4/4
  1529 | D:2      | Reached skill level 5 in Dodging
  1529 | D:2      | Reached XP level 4. HP: 14/19 MP: 5/5
  1863 | D:2      | Identified the +7 hammer "Eteexko" {heavy, rPois Dex+4}
  2225 | D:3      | Reached XP level 5. HP: 14/22 MP: 6/6
  3103 | D:4      | Reached skill level 5 in Shapeshifting
  3235 | D:4      | Gained mutation: You are covered in thick fur. (AC +2)
                  | [Felid growth]
  3235 | D:4      | Reached XP level 6. HP: 26/26 MP: 7/7
  4322 | D:5      | Entered Level 5 of the Dungeon
  4322 | D:5      | Noticed Duvessa
  4322 | D:5      | Noticed Dowan
  4683 | D:4      | Reached XP level 7. HP: 12/31 MP: 3/8
  4977 | D:5      | Noticed Grinder
  4992 | D:5      | Noticed Prince Ribbit
  5069 | D:4      | Slain by Prince Ribbit
  5112 | D:$      | Got out of the dungeon alive.

Illustrated notes

Levels and vault maps discovered:
D:1:      giann_bridges, layout_loops_corners, serial_rivers,
          chequers_serial_rivers_micro_e, chequers_serial_rivers_micro_d,
          chequers_serial_rivers_micro_a, chequers_serial_rivers_micro_e,
          chequers_serial_rivers_marsh, chequers_serial_rivers_micro_e,
          serial_bayou_pond_a
D:2:      layout_rooms, minmay_rat_gold_closets, uniq_crazy_yiuf_cottage
D:3:      layout_loops_ring
D:4:      layout_layer_cave, nrook_mini_vaults, nicolae_letterblocks
          [nicolae_letter_subblock, nicolae_letter_subblock,
          nicolae_letter_subblock, nicolae_letter_subblock,
          nicolae_letter_subblock, nicolae_letter_subblock,
          nicolae_letter_subblock, nicolae_letter_subblock,
          nicolae_letter_subblock, nicolae_letter_subblock,
          nicolae_letter_subblock, nicolae_letter_subblock,
          nicolae_letter_subblock, nicolae_letter_subblock,
          nicolae_letter_subblock, nicolae_letter_subblock,
          nicolae_letter_subblock, nicolae_letter_subblock,
          nicolae_letter_subblock, nicolae_letter_subblock,
          nicolae_letter_subblock, nicolae_letter_subblock,
          nicolae_letter_subblock, nicolae_letter_subblock,
          nicolae_letter_subblock]
D:5:      layout_layer_cave, beargit_hepliaklqana_dungeon_heroes, serial_shops,
          nicolae_shop_peninsula, nrook_mini_backslash,
          hangedman_abyss_or_decor_stagger, grunt_decor_fettered,
          kennysheep_flooded_box, uniq_grinder, uniq_duvessa,
          uniq_prince_ribbit1

Skill      XL: |  1  2  3  4  5  6 |
---------------+-------------------+-----
Fighting       | 2 3 |  3.0
Dodging        | 3 5 6 |  6.0
Shapeshifting  | 5 6 |  6.6
Unarmed Combat | |  3.0

Action                     |  1- 3 |  4- 6 |  7- 9 || total
---------------------------+-------+-------+-------++-------
  Melee: Unarmed           |   102 |   167 |    17 ||   286
         Bite              |    10 |    16 |     3 ||    29
         Punch             |     1 |     5 |     2 ||     8
   Stab: Sleeping          |     3 |     7 |       ||    10
 Armour: Skin              |    24 |    32 |    11 ||    67
  Dodge: Dodged            |    75 |   162 |    15 ||   252

Table legend: (Time is in decaauts)
 A = Elapsed time spent in this place.
 B = Non-inter-level travel time spent in this place.
 C = Inter-level travel time spent in this place.
 D = Time resting spent in this place.
 E = Time spent auto-exploring this place.
 F = Levels seen in this place.
 G = Mean time per level.
                   A        B        C        D        E       F      G
               +--------+--------+--------+--------+--------+-----+--------+
         Total |   4298 |   3811 |    487 |    457 |   2288 |   5 |  859.6 |
       Dungeon |   4298 |   3811 |    487 |    457 |   2288 |   5 |  859.6 |
               +--------+--------+--------+--------+--------+-----+--------+

Top non-repeatable levels by time:
     D:4: 1376 daAuts
     D:1: 1041 daAuts
     D:3: 829 daAuts
     D:2: 787 daAuts
     D:5: 264 daAuts
